 Dungeon Sprint DCSS version 0.22-a0-135-g6f012ad (webtiles) character file.

48 Faca the Sneak (level 3, -2/21 HPs)
             Began as a Gargoyle Gladiator on Jan 31, 2018.
             Was a Believer of Uskayaw.
             Slain by a two-headed ogre
             ... wielding a +0 giant club
              (17 damage)
             ... in the Dungeon (Sprint IX: "|||||||||||||||||||||||||||||").
             The game lasted 00:01:51 (177 turns).

Faca the Sneak (Gargoyle Gladiator)                  Turns: 177, Time: 00:01:51

Health: -2/21      AC: 12    Str: 17    XL:     3   Next: 72%
Magic:  3/3        EV: 15    Int:  8    God:    Uskayaw [**....]
Gold:   0          SH:  0    Dex: 12    Spells: 2/2 levels left

rFire    . . .     SeeInvis .   p - +2 rapier (elec)
rCold    . . .     Gourm    .   (no shield)
rNeg     + . .     Faith    .   s - +2 ring mail
rPois    ∞         Spirit   .   c - +0 helmet
rElec    +         Reflect  .   r - +0 cloak
rCorr    .         Harm     .   (no gloves)
MR       .....     NoTele   +   (no boots)
Stlth    ++........             (no amulet)
HPRegen  0.07/turn              t - +2 ring of evasion
MPRegen  0.08/turn              u - +2 ring of evasion

@: no status effects
A: negative energy resistance 1, electricity resistance, unbreathing,
petrification resistance, rot immunity, AC +3
a: Stomp, Line Pass, Renounce Religion


You were in the Dungeon.
You worshipped Uskayaw.
Uskayaw was noncommittal.
You were not hungry.

You visited 1 branch

Inventory:

Hand Weapons
 p - a +2 rapier of electrocution (weapon)
 q - the +2 scimitar of the End {pain, rElec rPois SInv}
   (You found it in the Dungeon)

   In the hands of one skilled in necromantic magic, it inflicts extra damage on
   living creatures.
   It insulates you from electricity.
   It protects you from poison.
   It lets you see invisible.
Missiles
 d - 3 throwing nets (quivered)
Armour
 c - a +0 helmet (worn)
 r - a +0 cloak (worn)
 s - a +2 ring mail (worn)
Jewellery
 t - a +2 ring of evasion (left hand)
 u - a +2 ring of evasion (right hand)
Wands
 o - a wand of iceblast (10)
Scrolls
 k - 2 scrolls of blinking
 m - 3 scrolls of remove curse
 n - 2 scrolls of amnesia
Potions
 e - a potion of invisibility
 g - 3 potions of heal wounds
 h - a potion of haste
 i - 4 potions of magic
 l - 4 potions of curing
Comestibles
 f - a ration
 j - 2 chunks of flesh


   Skills:
 + Level 2.1 Fighting
 + Level 5.2 Short Blades
 - Level 1.7 Throwing
 - Level 2.4 Dodging
 + Level 5.7 Stealth
 + Level 0.0 Invocations


You had 2 spell levels left.
You didn't know any spells.

Dungeon Overview and Level Annotations

Branches:
Dungeon (1/1)

Altars:
Cheibriados
Dithmenos
Elyvilon
Fedhas
Gozag
Hepliaklqana
Kikubaaqudgha
Makhleb
Nemelex Xobeh
Okawaru
Qazlal
Ru
Sif Muna
Trog
Uskayaw
Vehumet
Wu Jian
Xom
Yredelemnul
Zin
The Shining One
Beogh
Jiyva
Lugonu


Innate Abilities, Weirdness & Mutations

You are resistant to torment.
Your stone body is resilient. (AC +3)
You are immune to poison.
You resist negative energy. (rN+)
You are resistant to electric shocks. (rElec)
You can survive without breathing.
You are immune to petrification.
You are immune to rotting.


Message History

The bullfrog is moderately wounded.
The bullfrog hits you.
You hit the bullfrog. Lightning courses through the bullfrog!
The bullfrog is almost dead.
The bullfrog completely misses you.
The crimson imp blinks!
The bullfrog hits you.
You can now pass through a line of other dancers.
You barely miss the bullfrog.
The bullfrog is almost dead.
You hit the two-headed ogre.
The two-headed ogre is lightly wounded.
You hit the two-headed ogre but do no damage.
The two-headed ogre is lightly wounded.
The two-headed ogre closely misses you. The two-headed ogre barely misses you.
The crimson imp blinks!
You hit the two-headed ogre.
The two-headed ogre is moderately wounded.
The two-headed ogre hits you with a giant club!
Ouch! That really hurt!
You die...

▓.▓
▓|▓
▓)▓
▓.▓
▓[▓
▓.▓
▓5▓
▓)▓
▓@▓
▓O▓
▓F▓
▓o▓
▓.▓
▓O▓
▓l▓
▓+▓


You could see a two-headed ogre, a wyvern, an ogre, a bullfrog, a crimson imp
and an orc.

Vanquished Creatures
  An iguana (D)
  An adder (D)
  An adder zombie (D)
  A leopard gecko (D)
  An orc (D)
  A ball python (D)
  A giant cockroach (D)
  A kobold (D)
  2 rats (D)
10 creatures vanquished.

Notes
Turn   | Place    | Note
-------+----------+-------------------------------------------
     0 | D        | Faca the Gargoyle Gladiator began the quest for the Orb.
     0 | D        | Reached XP level 1. HP: 12/12 MP: 1/1
     7 | D        | Reached skill level 1 in Stealth
    51 | D        | Noticed an iguana
    60 | D        | Killed an iguana
    60 | D        | Reached XP level 2. HP: 17/17 MP: 2/2
    60 | D        | Reached XP level 3. HP: 21/21 MP: 3/3
    61 | D        | Reached skill level 5 in Stealth
    69 | D        | Reached skill level 5 in Short Blades
   103 | D        | Found a roughly hewn altar of Beogh.
   103 | D        | Found a snail-covered altar of Cheibriados.
   103 | D        | Found a shadowy altar of Dithmenos.
   103 | D        | Found a white marble altar of Elyvilon.
   103 | D        | Found a blossoming altar of Fedhas.
   103 | D        | Found an opulent altar of Gozag.
   104 | D        | Found a hazy altar of Hepliaklqana.
   105 | D        | Found a viscous altar of Jiyva.
   106 | D        | Found an ancient bone altar of Kikubaaqudgha.
   107 | D        | Found a corrupted altar of Lugonu.
   108 | D        | Found a burning altar of Makhleb.
   109 | D        | Found a sparkling altar of Nemelex Xobeh.
   110 | D        | Found an iron altar of Okawaru.
   111 | D        | Found a stormy altar of Qazlal.
   112 | D        | Found a sacrificial altar of Ru.
   113 | D        | Found a deep blue altar of Sif Muna.
   114 | D        | Found a bloodstained altar of Trog.
   115 | D        | Found a hide-covered altar of Uskayaw.
   116 | D        | Found a radiant altar of Vehumet.
   117 | D        | Found an ornate altar of the Wu Jian Council.
   118 | D        | Found a shimmering altar of Xom.
   119 | D        | Found a basalt altar of Yredelemnul.
   120 | D        | Found a glowing silver altar of Zin.
   121 | D        | Found a glowing golden altar of the Shining One.
   123 | D        | Became a worshipper of Uskayaw the Reveler
   139 | D        | Got the +2 scimitar of the End {pain, rElec rPois SInv}
   169 | D        | Noticed a bullfrog
   169 | D        | Noticed a two-headed ogre
   169 | D        | Noticed an ogre
   169 | D        | Noticed a wyvern
   171 | D        | Reached * piety under Uskayaw
   173 | D        | Reached ** piety under Uskayaw
   177 | D        | Slain by a two-headed ogre

Vault maps used:
D:        linesprint

Skill      XL: |  1  2  3 |
---------------+----------+-----
Stealth        | 4 5 |  5.7
Short Blades   | 4 5 |  5.2
Fighting       | |  2.1
Throwing       | |  1.7
Dodging        | |  2.4

Action                   || total
-------------------------++-------
Melee: Rapier            ||    39
  Use: Potion            ||     2
Armor: Leather armour    ||     9
       Ring mail         ||     1
Dodge: Dodged            ||    20

Table legend:
 A = Spawn XP
 B = Non-spawn XP
 C = Spawn XP percentage of total XP
 D = Spawn monster count
 E = Non-spawn monster count
 F = Spawn count percentage of total count
 G = Total turns spent on level
                    A         B        C        D         E        F      G
               +---------+---------+-------+---------+---------+-------+---------
         Total |       0 |      69 |   0.0 |       0 |      10 |   0.0 |   177
               +---------+---------+-------+---------+---------+-------+---------
             D |       0 |      69 |   0.0 |       0 |      10 |   0.0 |   177
               +---------+---------+-------+---------+---------+-------+---------
